Map: 2000 Atmospheres LE

Players

A.I. 1 (Very Easy)

  • Race: Zerg Zerg

QuietMind - Winner!

  • Race: Terran Terran

VOD

Have the link to the VOD?

Description

Time

  • Played on: Sept. 16, 2021, 12:24 a.m.
  • Length: 13:50
Show
View Real Time Build Order
Export as new Build Order

A.I. 1 (Very Easy) Zerg 

Build Orders: Hatch First 

Get SALT Encoding   

  12  0:01  Drone  
  13  0:12  Overlord  
  13  0:16  Drone  
  14  0:41  Hatchery  
  13  0:45  Drone  
  14  1:03  Spawning Pool  
  13  1:05  Extractor  
  13  1:08  Drone  
  13  1:15  Drone  
  14  1:20  Overlord  
  14  1:50  Zergling x2  
  14  1:51  Queen  
  14  1:53  Zergling x2  
  18  2:00  Roach Warren  
  17  2:02  Extractor  
  17  2:06  Drone  
  17  2:13  Drone  
  18  2:16  Zergling x2  
  18  2:20  Drone  
  20  2:28  Drone  
  21  2:35  Drone  
  22  2:42  Drone  
  23  2:49  Drone  
  24  2:56  Drone  
  25  3:04  Drone  
  26  3:06  Roach  
  26  3:07  Overlord  
  26  3:12  Drone  
  29  3:19  Drone  
  30  3:26  Drone  
  31  3:33  Drone  
  32  3:39  Overlord  
  32  3:42  Drone  
  32  3:48  Lair  
  33  3:49  Drone  
  34  3:56  Roach  
  34  3:59  Drone  
  37  4:06  Drone  
  38  4:13  Drone  
  39  4:20  Drone  
  40  4:27  Drone  
  40  4:29  Overlord  
  41  4:34  Drone  
  42  4:42  Drone  
  43  4:46  Overseer  
  43  4:47  Roach, Extractor  
  43  4:48  Overseer  
  43  4:49  Drone  
  45  4:54  Extractor  
  45  4:56  Drone  
  45  5:03  Drone  
  46  5:10  Drone  
  46  5:17  Drone  
  47  5:25  Drone  
  48  5:32  Drone  
  49  5:37  Roach  
  49  5:39  Drone  
  52  6:16  Overseer  
  52  6:17  Overlord  
  52  9:37  Roach  
  52  9:42  Overseer, Overlord  
  44  9:46  Queen  
  44  9:52  Overseer, Drone  
  41  9:59  Drone  
  29  10:07  Drone  
  25  10:12  Overseer  
  25  10:14  Drone  
Show
View Real Time Build Order
Export as new Build Order

QuietMind Terran - Winner!

Build Orders: Mech 

Get SALT Encoding   

  12  0:00  SCV  
  13  0:12  SCV  
  14  0:17  Supply Depot  
  14  0:24  SCV  
  15  0:38  SCV  
  15  0:39  Barracks  
  16  0:44  Refinery  
  16  0:50  SCV  
  17  1:04  SCV  
  18  1:16  SCV  
  19  1:28  Orbital Command  
  19  1:36  Command Center  
  19  1:39  Marine  
  20  1:51  Factory  
  20  1:54  SCV  
  21  2:01  Supply Depot  
  21  2:06  Refinery  
  21  2:07  SCV  
  22  2:10  Barracks Tech Lab  
  22  2:20  SCV  
  23  2:32  SCV  
  24  2:39  Marine  
  24  2:40  Siege Tank  
  24  2:44  SCV  
  29  2:56  SCV  
  30  2:59  Barracks Reactor  
  30  3:03  Bunker  
  30  3:06  Orbital Command  
  30  3:08  SCV  
  31  3:13  Siege Tank  
  34  3:20  SCV  
  35  3:31  Armory, SCV  
  35  3:32  SCV  
  35  3:33  Supply Depot  
  37  3:43  SCV  
  37  3:44  SCV  
  39  3:51  Widow Mine x2  
  39  3:52  Marauder  
  39  3:55  SCV  
  46  3:56  Supply Depot, SCV  
  47  4:07  Command Center, SCV  
  47  4:08  SCV  
  49  4:13  Marauder  
  51  4:19  SCV  
  51  4:21  Hellbat x2, SCV  
  57  4:25  Supply Depot  
  57  4:31  SCV  
  57  4:33  Factory, SCV  
  57  4:38  Engineering Bay  
  59  4:44  SCV  
  59  4:45  SCV  
  61  4:48  Supply Depot  
  61  4:52  Barracks Tech Lab  
  61  4:53  Thor  
  61  4:56  SCV  
  61  4:57  SCV  
  61  4:59  Refinery  
  69  5:00  Refinery  
  69  5:08  SCV  
  69  5:09  Supply Depot, SCV  
  69  5:11  Terran Vehicle Weapons Level 1  
  69  5:13  Marauder  
  73  5:20  SCV  
  74  5:21  SCV  
  74  5:24  Missile Turret, Supply Depot  
  74  5:27  Missile Turret  
  75  5:32  SCV  
  75  5:33  SCV, Orbital Command  
  75  5:34  Hellbat x2  
  81  5:42  Thor  
  81  5:43  Marauder  
  81  5:45  SCV  
  81  5:47  SCV  
  91  5:55  Supply Depot  
  91  5:57  SCV  
  91  5:58  Hellbat  
  91  5:59  SCV  
  91  6:00  SCV  
  91  6:03  Hellbat  
  98  6:09  SCV  
  98  6:11  Bunker, SCV  
  99  6:13  Command Center  
  100  6:18  Supply Depot, SCV  
  100  6:21  Marauder, SCV  
  100  6:23  SCV  
  100  6:24  Hellbat  
  107  6:26  Hellbat  
  109  6:35  SCV x3  
  109  6:39  Thor  
  119  6:47  SCV x2  
  119  6:48  Supply Depot  
  119  6:50  Marauder, Hellbat  
  119  6:51  Missile Turret  
  124  6:54  Supply Depot  
  124  6:55  Supply Depot  
  124  6:58  Armory  
  124  7:00  SCV  
  125  7:01  Supply Depot  
  125  7:02  Factory  
  125  7:07  Refinery  
  125  7:08  Terran Vehicle And Ship Armor Level 1  
  125  7:09  Refinery  
  125  7:10  Hellbat, SCV x2  
  125  7:12  SCV  
  130  7:16  Hellbat  
  130  7:19  Barracks Tech Lab  
  130  7:22  Thor, SCV x2  
  134  7:24  SCV  
  140  7:33  Hellbat  
  140  7:34  SCV x2  
  140  7:36  SCV  
  145  7:41  Marauder  
  145  7:42  Supply Depot  
  147  7:48  SCV x3  
  147  7:49  Planetary Fortress  
  150  7:53  Supply Depot  
  150  7:56  Thor, Factory, Hellbat x2  
  150  7:57  Terran Vehicle Weapons Level 2  
  160  7:58  Missile Turret  
  160  8:00  SCV x3  
  160  8:02  Marauder  
  160  8:05  Infernal Pre-Igniter  
  165  8:10  Thor  
  165  8:12  SCV x2  
  173  8:13  SCV  
  173  8:15  Supply Depot  
  173  8:16  Supply Depot  
  173  8:19  Supply Depot  
  174  8:24  SCV x2, Marauder, Hellbat x2  
  182  8:30  Refinery, SCV x2  
  182  8:31  Refinery  
  182  8:33  Command Center  
  184  8:36  SCV x2  
  186  8:42  Starport, SCV  
  186  8:44  Factory  
  187  8:49  Thor, Hellbat x2  
  187  8:52  Barracks Tech Lab  
  187  8:54  Hellbat x2  
  200  9:23  Command Center  
  200  9:25  Terran Vehicle And Ship Armor Level 2, Command Center  
  200  9:30  Starport Tech Lab  
  200  9:31  Factory Reactor  
  200  9:43  Hi-Sec Auto Tracking  
  200  9:46  Fusion Core  
  200  9:54  Factory  
  200  9:55  Starport  
  200  9:58  Factory x2  
  200  10:01  Starport  
  200  10:27  Factory  
  200  10:28  Factory  
  200  10:31  Starport  
  200  10:35  Starport  
  200  10:36  Command Center  
  200  10:37  Starport  
  200  10:40  Neosteel Armor, Command Center  
  200  10:43  Orbital Command x2  
  200  10:50  Factory Tech Lab  
  200  10:51  Factory Tech Lab, Command Center, Factory Reactor  
  200  10:52  Starport Tech Lab x2  
  200  10:53  Weapon Refit  
  200  10:55  Terran Vehicle Weapons Level 3  
  200  11:05  Planetary Fortress  
  200  11:18  Factory Tech Lab, Factory Reactor  
  200  11:19  Starport Tech Lab x3  
  200  11:24  Refinery  
  200  11:25  Refinery  
  200  11:27  Missile Turret  
  200  11:49  Command Center  
  200  11:54  Orbital Command x2  
  200  11:58  Command Center  
  200  12:08  Orbital Command  
  200  12:34  Refinery  
  200  12:35  Refinery  
  200  13:29  Missile Turret  
  200  13:42  Missile Turret  
Tags
 
Composition
Mech
Matchup
TvZ
Add a new tag
Caveats
  • Supply blocks, unpowered buildings, or Contaminate may cause inaccurate times.
  • Supply counts are checked every 10 seconds.